 Dungeon Crawl Stone Soup version 0.30-a0-371-gad7725a93e (webtiles) character file.

Game seed: 15114314256304903252

461 freelancePsychic the Ducker (level 7, -3/55 HPs)
             Began as a Merfolk Artificer on Nov 20, 2022.
             Was an Initiate of Cheibriados.
             Slain by an ice beast (12 damage)
             ... on level 5 of the Dungeon.
             The game lasted 00:07:53 (4238 turns).

freelancePsychic the Ducker (Merfolk Artificer)     Turns: 4238, Time: 00:07:54

Health: -3/55      AC:  6    Str: 13    XL:     7   Next: 7%
Magic:  7/7        EV: 14    Int: 12    God:    Cheibriados [......]
Gold:   229        SH:  0    Dex: 17    Spells: 6/6 levels left

rFire   . . .      SeeInvis .    a - +3 dagger
rCold   . . .      Faith    .    (no shield)
rNeg    . . .      Spirit   .    b - +1 leather armour
rPois   +          Reflect  .    w - +0 helmet
rElec   .          Harm     .    z - +0 cloak
rCorr   .          Rampage  .    (no gloves)
Will    .....                    (no boots)
Stlth   +++.......               (no amulet)
HPRegen 0.29/turn                v - ring of poison resistance
MPRegen 0.10/turn                (no ring)

@: very slow
A: (nimble swimmer 2), mertail
a: Renounce Religion


You were on level 5 of the Dungeon.
You worshipped Cheibriados.
Cheibriados was noncommittal.
You visited 2 branches of the dungeon, and saw 6 of its levels.

You collected 229 gold pieces.

Inventory:

Hand Weapons
 a - a +3 dagger (weapon)
 f - a +0 dagger
 i - a +0 club
Armour
 b - a +1 leather armour (worn)
 w - a +0 helmet (worn)
 z - a +0 cloak (worn)
Jewellery
 v - a ring of poison resistance (left hand)
 y - a ring of positive energy
Wands
 d - a wand of charming (15)
 e - a wand of iceblast (5)
Scrolls
 g - 2 scrolls of vulnerability
 l - a scroll of teleportation {@r4}
 m - a scroll of silence
 o - a scroll of enchant weapon
 p - a scroll of identify {@r1}
 q - 2 scrolls of enchant armour
 t - a scroll of magic mapping
 x - a scroll of amnesia
Potions
 h - a potion of heal wounds {unknown}
 j - a potion of might
 k - 2 potions of degeneration {unknown}
 n - a potion of invisibility {unknown}
 r - a potion of berserk rage {unknown}
 s - 2 potions of curing {@q1}
 u - a potion of resistance {unknown}
 A - a potion of mutation {unknown}


   Skills:
 + Level 4.6 Fighting
 + Level 4.0 Long Blades
 - Level 0.6 Armour
 + Level 4.7 Dodging
 - Level 4.0 Stealth
 - Level 3.0 Evocations


You had 6 spell levels left.
You didn't know any spells.
Your spell library contained the following spells:

 Spells                   Type           Power      Damage    Failure   Level
 Foxfire                  Conj/Fire      0%         2x1d4     38%         1
 Fireball                 Conj/Fire      0%         3d3       100%        5
 Starburst                Conj/Fire      0%         6d3       100%        6


Dungeon Overview and Level Annotations

Branches:
Dungeon (5/15)             Temple (1/1) D:4

Altars:
Ashenzari
Cheibriados
Dithmenos
Elyvilon
Fedhas
Gozag
Hepliaklqana
Kikubaaqudgha
Makhleb
Nemelex Xobeh
Okawaru
Sif Muna
Trog
Uskayaw
Vehumet
Wu Jian
Xom
Yredelemnul
Zin
The Shining One

Shops:
D:2 [

Annotations:
D:5 exclusion: water moccasin


Innate Abilities, Weirdness & Mutations

((You are very nimble when in or above water. (Stealth+, EV+, Speed+++)))
Your lower body shifts to a powerful aquatic tail in water.


Message History

You are too injured to fight recklessly!
You are too injured to fight recklessly!
You are too injured to fight recklessly!
You are too injured to fight recklessly!
You are too injured to fight recklessly!
You are too injured to fight recklessly!
You are too injured to fight recklessly!
You are too injured to fight recklessly!
You are too injured to fight recklessly!
You are too injured to fight recklessly!
You are too injured to fight recklessly!
You are too injured to fight recklessly!
You are too injured to fight recklessly!
Aiming: Throw Flame
Press: ? - help, Q - select action, (/) - cycle Shift-Dir - straight line, f - ice beast
Aim: an ice beast (heavily wounded, 71% to hit)
The puff of flame hits the ice beast.
The ice beast melts!
The ice beast is heavily wounded.
The ice beast hits you. The ice beast freezes you!
* * * LOW HITPOINT WARNING * * *
Aiming: Throw Flame
Press: ? - help, Q - select action, (/) - cycle Shift-Dir - straight line, f/p - ice beast
Aim: an ice beast (heavily wounded, 71% to hit)
The puff of flame misses the ice beast.
The ice beast misses you.
Aiming: Throw Flame
Press: ? - help, Q - select action, (/) - cycle Shift-Dir - straight line, f/p - ice beast
Aim: an ice beast (heavily wounded, 71% to hit)
The puff of flame hits the ice beast!
The ice beast melts!
The ice beast is severely wounded.
The now-empty wand crumbles to dust.
The ice beast hits you.
* * * LOW HITPOINT WARNING * * *
The ice beast freezes you!
* * * LOW HITPOINT WARNING * * *
Okay, then.
It was a potion of curing.
You feel better. The ice beast hits you.
* * * LOW HITPOINT WARNING * * *
The ice beast freezes you!
You die...

..............##....
#.....................
#.....................
#.....................
##.....................
##..$...................
#.................>.....
#.......................
#..Y@./[...#####.....
##.....##..# ###...
#########..# ##.. ##..#
### ##.# #.# .. ##


You could see an ice beast.

Vanquished Creatures
  A phantom (D:5)
  A scorpion (D:5)
  An orc priest (D:4)
  2 hounds (D:5)
  An iguana (D:5)
  2 orc wizards
  6 adders
  A worm (D:4)
  2 dart slugs
  5 orcs
  7 endoplasms
  2 giant cockroaches (D:1)
  11 goblins
  11 hobgoblins
  5 jackals
  8 kobolds
  6 quokkas
  4 ball pythons
  8 bats
  5 frilled lizards
  4 rats
93 creatures vanquished.

Vanquished Creatures (others)
  4 toadstools (D:1)
4 creatures vanquished.

Grand Total: 97 creatures vanquished

Notes
Turn   | Place    | Note
-------+----------+-------------------------------------------
     0 | D:1      | freelancePsychic the Merfolk Artificer began the quest for
                  | the Orb.
     0 | D:1      | Reached XP level 1. HP: 15/15 MP: 1/1
    50 | D:1      | Reached XP level 2. HP: 9/22 MP: 2/2
   368 | D:1      | Found a faded altar of an unknown god.
   441 | D:1      | Reached XP level 3. HP: 26/27 MP: 3/3
   872 | D:2      | Reached skill level 1 in Long Blades
   903 | D:2      | Reached XP level 4. HP: 34/34 MP: 4/4
   924 | D:2      | Found Yfopoix's Antique Armour Shoppe.
  1869 | D:3      | Reached XP level 5. HP: 41/41 MP: 5/5
  2412 | D:4      | Found a staircase to the Ecumenical Temple.
  2442 | Temple   | Entered the Ecumenical Temple
  2648 | Temple   | Became a worshipper of Cheibriados the Contemplative
  3609 | D:5      | Entered Level 5 of the Dungeon
  3640 | D:5      | Noticed a water moccasin
  3721 | D:5      | Reached XP level 6. HP: 22/48 MP: 6/6
  4157 | D:5      | Identified the +2 battleaxe of Aroeg {vorpal, Str+2}
  4218 | D:5      | Reached XP level 7. HP: 55/55 MP: 7/7
  4238 | D:5      | Slain by an ice beast

Illustrated notes

Levels and vault maps discovered:
D:1:      ldierk_water_garden, layout_rooms, ebering_ecumenical_altar_webs,
          minmay_misc_feat_more_columns
D:2:      layout_loops_cross, serial_shops, nicolae_shop_waterfront,
          serial_forest, infiniplex_forest_fountain, infiniplex_forest_lined_2,
          infiniplex_forest_lined_1, infiniplex_forest_lined_room_2,
          infiniplex_forest_clump_small, infiniplex_forest_straight_3,
          serial_bayou_pond_c
D:3:      layout_basic
D:4:      layout_basic, minmay_temple_entry_overgrown
D:5:      layout_layer_cave, minmay_pentangle
Temple:   nicolae_temple_bog_church

Skill      XL: |  1  2  3  4  5  6 |
---------------+-------------------+-----
Stealth        | 2 3 4 |  4.0
Fighting       | 2 3 4 |  4.6
Long Blades    | 1 2 4 |  4.0
Dodging        | 3 4 |  4.7
Armour         | |  0.6
Evocations     | |  3.0

Action                   |  1- 3 |  4- 6 |  7- 9 || total
-------------------------+-------+-------+-------++-------
Melee: Club              |    19 |       |       ||    19
       Dagger            |   104 |   212 |     9 ||   325
       Punch             |     3 |     4 |       ||     7
Evoke: Wand              |     6 |     6 |     3 ||    15
  Use: Scroll            |     2 |     6 |       ||     8
       Potion            |       |       |     1 ||     1
 Stab: Sleeping          |     2 |    15 |       ||    17
       Distracted        |     1 |       |       ||     1
Armor: Leather armour    |    46 |    46 |     2 ||    94
Dodge: Dodged            |   115 |    95 |     4 ||   214

Table legend: (Time is in decaauts)
 A = Elapsed time spent in this place.
 B = Non-inter-level travel time spent in this place.
 C = Inter-level travel time spent in this place.
 D = Time resting spent in this place.
 E = Time spent auto-exploring this place.
 F = Levels seen in this place.
 G = Mean time per level.
                   A        B        C        D        E       F      G
               +--------+--------+--------+--------+--------+-----+--------+
         Total |   4502 |   4341 |    161 |     33 |   3467 |   6 |  750.3 |
       Dungeon |   4303 |   4160 |    143 |     33 |   3326 |   5 |  860.6 |
        Temple |    199 |    181 |     18 |      0 |    141 |   1 |  199.0 |
               +--------+--------+--------+--------+--------+-----+--------+

Top non-repeatable levels by time:
     D:4: 1342 daAuts
     D:2: 933 daAuts
     D:5: 739 daAuts
     D:1: 721 daAuts
     D:3: 566 daAuts
  Temple: 199 daAuts
